| TOP OF THE 1ST |
|
Tucson Toros batting - Pitching for Spokane Indians : RHP Mike Bielecki
|
|
Pitching: RHP Mike Bielecki
|
|
|
Batting: LHB Danny Garcia
|
0-0: Ball 1-0: Ball 2-0: Ground out 1-3 (Groundball, 34S, EV 76.9 MPH)
|
|
Batting: LHB Bruce Boisclair
|
0-0: Called Strike 0-1: Swinging Strike 0-2: Ball 1-2: Strikes out looking
|
|
Batting: RHB Kevin McReynolds
|
0-0: Ball 1-0: Ball 2-0: SINGLE (Groundball, 4D, EV 100.6 MPH)
|
|
Batting: RHB Mike A Marshall
|
0-0: Called Strike 0-1: Foul Ball, location: 2F 0-2: Ball 1-2: Foul Ball, location: 2F 1-2: Foul Ball, location: 2F 1-2: Hit by Pitch Kevin McReynolds to second
|
|
Batting: LHB Tim Krauss
|
0-0: Called Strike 0-1: Ball 1-1: Foul Ball, location: 2F 1-2: Strikes out looking
|
| Top of the 1st over - 0 runs, 1 hit, 0 errors, 2 left on base; Tucson 0 - Spokane 0 |
| BOTTOM OF THE 1ST |
|
Spokane Indians batting - Pitching for Tucson Toros : RHP Rex Jackson
|
|
Pitching: RHP Rex Jackson
|
|
|
Batting: RHB Craig Landis
|
0-0: Called Strike 0-1: Foul Ball, location: 2F 0-2: Strikes out swinging
|
|
Batting: LHB Stu Pederson
|
0-0: Called Strike 0-1: Ball 1-1: Called Strike 1-2: Reached via error on a dropped throw from 3B, E3 (Groundball, 56, EV 110.0 MPH)
|
|
Batting: LHB Darren Daulton
|
0-0: Swinging Strike 0-1: Fly out, F7 (Flyball, 7S, EV 95.0 MPH)
|
|
Batting: RHB Bill Schroeder
|
0-0: Ball 1-0: Ball 2-0: Reached on error, E6 (Groundball, 6, EV 82.5 MPH) Stu Pederson to second
|
|
Batting: SHB Mark Gillaspie
|
0-0: Ball 1-0: DOUBLE (Line Drive, 9LS, EV 101.3 MPH) Stu Pederson scores Bill Schroeder to third Runner from 3rd tries for Home, SAFE, no throw by RF
|
|
Batting: RHB Larry Fobbs
|
0-0: Called Strike 0-1: Ball 1-1: Ball 2-1: Foul Ball, location: 2F 2-2: Ground out 5-3 (Groundball, 56D, EV 100.6 MPH)
|
| Bottom of the 1st over - 2 runs, 1 hit, 2 errors, 1 left on base; Tucson 0 - Spokane 2 |
| TOP OF THE 2ND |
|
Tucson Toros batting - Pitching for Spokane Indians : RHP Mike Bielecki
|
|
Batting: LHB Pat Dodson
|
0-0: Swinging Strike 0-1: Swinging Strike 0-2: Ball 1-2: Strikes out swinging
|
|
Batting: RHB David Holmes
|
0-0: Called Strike 0-1: Swinging Strike 0-2: Strikes out swinging
|
|
Batting: SHB Michael Miara
|
0-0: Foul Ball, location: 2F 0-1: Foul Ball, location: 2F 0-2: Ground out 6-3 (Groundball, 6, EV 89.4 MPH)
|
| Top of the 2nd over - 0 runs, 0 hits, 0 errors, 0 left on base; Tucson 0 - Spokane 2 |
| BOTTOM OF THE 2ND |
|
Spokane Indians batting - Pitching for Tucson Toros : RHP Rex Jackson
|
|
Batting: SHB Spike Owen
|
0-0: Called Strike 0-1: Ball 1-1: Ball 2-1: Ball 3-1: Base on Balls
|
|
Batting: RHB Cleo Smith
|
0-0: Ball 1-0: Ball 2-0: Ball 3-0: Base on Balls Spike Owen to second
|
|
Batting: RHB Albert Rausch
|
0-0: Foul Ball, location: 2F 0-1: Ball 1-1: Swinging Strike 1-2: Strikes out looking
|
|
Batting: RHB Craig Landis
|
0-0: Swinging Strike 0-1: Fly out, F9 (Flyball, 9LD, EV 98.1 MPH) Runner from 2nd tags up, SAFE at 3rd, no throw by RF
|
|
Batting: LHB Stu Pederson
|
0-0: Called Strike 0-1: Ball 1-1: Ball 2-1: Ball 3-1: Swinging Strike 3-2: Foul Ball, location: 2F 3-2: Foul Ball, location: 2F 3-2: Foul Ball, location: 2F 3-2: Strikes out swinging
|
| Bottom of the 2nd over - 0 runs, 0 hits, 0 errors, 2 left on base; Tucson 0 - Spokane 2 |
| TOP OF THE 3RD |
|
Tucson Toros batting - Pitching for Spokane Indians : RHP Mike Bielecki
|
|
Batting: RHB Andy Pasillas
|
0-0: Swinging Strike 0-1: Ground out 6-3 (Groundball, 6, EV 86.3 MPH)
|
|
Batting: LHB Danny Garcia
|
0-0: Ball 1-0: SINGLE (Line Drive, 89S, EV 98.8 MPH)
|
|
Batting: LHB Bruce Boisclair
|
0-0: Foul Ball, location: 2F 0-1: Called Strike 0-2: Ball 1-2: Ball 2-2: Strikes out looking
|
|
Batting: RHB Kevin McReynolds
|
0-0: Fly out, F7 (Flyball, 78M, EV 83.1 MPH)
|
| Top of the 3rd over - 0 runs, 1 hit, 0 errors, 1 left on base; Tucson 0 - Spokane 2 |
| BOTTOM OF THE 3RD |
|
Spokane Indians batting - Pitching for Tucson Toros : RHP Rex Jackson
|
|
Batting: LHB Darren Daulton
|
0-0: Ball 1-0: Called Strike 1-1: Fly out, F5 (Popup, 5F, EV 75.6 MPH)
|
|
Batting: RHB Bill Schroeder
|
0-0: Foul Ball, location: 2F 0-1: Ball 1-1: Foul Ball, location: 2F 1-2: Foul Ball, location: 2F 1-2: Strikes out swinging
|
|
Batting: SHB Mark Gillaspie
|
0-0: Ball 1-0: Foul Ball, location: 2F 1-1: Ball 2-1: Foul Ball, location: 2F 2-2: Ball 3-2: Foul Ball, location: 2F 3-2: Foul Ball, location: 2F 3-2: Strikes out swinging
|
| Bottom of the 3rd over - 0 runs, 0 hits, 0 errors, 0 left on base; Tucson 0 - Spokane 2 |
| TOP OF THE 4TH |
|
Tucson Toros batting - Pitching for Spokane Indians : RHP Mike Bielecki
|
|
Batting: RHB Mike A Marshall
|
0-0: Called Strike 0-1: Swinging Strike 0-2: Ball 1-2: Foul Ball, location: 2F 1-2: Foul Ball, location: 2F 1-2: Foul Ball, location: 2F 1-2: Foul Ball, location: 2F 1-2: Strikes out looking
|
|
Batting: LHB Tim Krauss
|
0-0: Called Strike 0-1: Ball 1-1: Ball 2-1: Ball 3-1: Swinging Strike 3-2: Base on Balls
|
|
Batting: LHB Pat Dodson
|
0-0: Called Strike 0-1: Called Strike 0-2: Fly out, F7 (Flyball, 7D, EV 89.4 MPH)
|
|
Batting: RHB David Holmes
|
0-0: Fly out, F7 (Flyball, 7D, EV 81.9 MPH)
|
| Top of the 4th over - 0 runs, 0 hits, 0 errors, 1 left on base; Tucson 0 - Spokane 2 |
| BOTTOM OF THE 4TH |
|
Spokane Indians batting - Pitching for Tucson Toros : RHP Rex Jackson
|
|
Batting: RHB Larry Fobbs
|
0-0: Ball 1-0: SINGLE (Groundball, 56D, EV 101.9 MPH)
|
|
Batting: SHB Spike Owen
|
0-0: Fly out, F5 (Popup, 56S, EV 81.3 MPH)
|
|
Batting: RHB Cleo Smith
|
0-0: Ball 1-0: Ball 2-0: Called Strike 2-1: Ball 3-1: Fielders Choice at 2nd, 3-6 (Groundball, 34, EV 81.9 MPH)
|
|
Batting: RHB Albert Rausch
|
0-0: SINGLE (Line Drive, 9S, EV 88.1 MPH) Cleo Smith to second Runner from 2nd tries for 3rd, SAFE, throw by RF made to third
|
|
Batting: RHB Craig Landis
|
0-0: Called Strike 0-1: SINGLE (Line Drive, 8RS, EV 99.4 MPH) Cleo Smith scores Albert Rausch to second Runner from 2nd tries for 3rd, SAFE, no throw by CF
|
|
Batting: LHB Stu Pederson
|
0-0: Ball Wild Pitch! Albert Rausch scores Craig Landis to second 1-0: Fly out, F5 (Line Drive, 5, EV 65.0 MPH)
|
| Bottom of the 4th over - 2 runs, 3 hits, 0 errors, 1 left on base; Tucson 0 - Spokane 4 |
| TOP OF THE 5TH |
|
Tucson Toros batting - Pitching for Spokane Indians : RHP Mike Bielecki
|
|
Batting: SHB Michael Miara
|
0-0: Called Strike 0-1: Ball 1-1: Foul Ball, location: 2F 1-2: Ground out 6-3 (Groundball, 6, EV 83.8 MPH)
|
|
Batting: RHB Andy Pasillas
|
0-0: Called Strike 0-1: Fly out, F4 (Popup, 4, EV 53.1 MPH)
|
|
Batting: LHB Danny Garcia
|
0-0: Called Strike 0-1: Ball 1-1: Ball 2-1: Ground out 1-3 (Groundball, 13, EV 70.0 MPH)
|
| Top of the 5th over - 0 runs, 0 hits, 0 errors, 0 left on base; Tucson 0 - Spokane 4 |
| BOTTOM OF THE 5TH |
|
Spokane Indians batting - Pitching for Tucson Toros : RHP Rex Jackson
|
|
Batting: LHB Darren Daulton
|
0-0: Called Strike 0-1: Ball 1-1: Ball 2-1: SINGLE (Line Drive, 6D, EV 97.5 MPH)
|
|
Batting: RHB Bill Schroeder
|
0-0: Called Strike 0-1: Ball 1-1: Swinging Strike 1-2: Ball 2-2: SINGLE (Groundball, 6S, EV 67.5 MPH) (infield hit) Darren Daulton to second
|
|
Batting: SHB Mark Gillaspie
|
0-0: Called Strike 0-1: Called Strike 0-2: Ball 1-2: Ball 2-2: Ball 3-2: Base on Balls Darren Daulton to third Bill Schroeder to second
|
|
Batting: RHB Larry Fobbs
|
0-0: Ball 1-0: Ball Passed Ball! Darren Daulton scores Bill Schroeder to third Mark Gillaspie to second 2-0: Fly out, F9 (Flyball, 9D, EV 90.6 MPH) Runner from 3rd tags up, SCORES, throw by RF Mark Gillaspie to third
|
|
Batting: SHB Spike Owen
|
0-0: Ball 1-0: Called Strike 1-1: Fly out, F8 (Line Drive, 8LD, EV 102.5 MPH) Runner from 3rd tags up, SCORES, no throw by CF
|
|
Batting: RHB Cleo Smith
|
0-0: Called Strike 0-1: Swinging Strike 0-2: Foul Ball, location: 2F 0-2: Ball 1-2: Foul Ball, location: 2F 1-2: Ball 2-2: Foul Ball, location: 2F 2-2: SINGLE (Groundball, 6, EV 96.9 MPH)
|
|
Pitching: LHP Dan Schatzeder
|
|
|
Batting: RHB Albert Rausch
|
0-0: Called Strike 0-1: Foul Ball, location: 2F 0-2: Strikes out looking
|
| Bottom of the 5th over - 3 runs, 3 hits, 0 errors, 1 left on base; Tucson 0 - Spokane 7 |
| TOP OF THE 6TH |
|
Tucson Toros batting - Pitching for Spokane Indians : RHP Mike Bielecki
|
|
Batting: LHB Bruce Boisclair
|
0-0: Fly out, F7 (Flyball, 7, EV 88.8 MPH)
|
|
Batting: RHB Kevin McReynolds
|
0-0: Called Strike 0-1: Ground out 1-3 (Groundball, 15S, EV 69.4 MPH)
|
|
Batting: RHB Mike A Marshall
|
0-0: Called Strike 0-1: Ball 1-1: Called Strike 1-2: Ball 2-2: Foul Ball, location: 2F 2-2: Strikes out swinging
|
| Top of the 6th over - 0 runs, 0 hits, 0 errors, 0 left on base; Tucson 0 - Spokane 7 |
| BOTTOM OF THE 6TH |
|
Spokane Indians batting - Pitching for Tucson Toros : LHP Dan Schatzeder
|
|
Batting: RHB Craig Landis
|
0-0: Ball 1-0: Called Strike 1-1: Ball 2-1: Called Strike 2-2: Ball 3-2: Strikes out looking
|
|
Batting: LHB Stu Pederson
|
0-0: Swinging Strike 0-1: Called Strike 0-2: Ball 1-2: Strikes out looking
|
|
Batting: LHB Darren Daulton
|
0-0: Ball 1-0: Called Strike 1-1: Ball 2-1: SINGLE (Line Drive, 7LM, EV 94.4 MPH)
|
|
Batting: RHB Bill Schroeder
|
0-0: Ball 1-0: Ball Darren Daulton is caught stealing 2nd base 2-4
|
| Bottom of the 6th over - 0 runs, 1 hit, 0 errors, 0 left on base; Tucson 0 - Spokane 7 |
| TOP OF THE 7TH |
|
Tucson Toros batting - Pitching for Spokane Indians : RHP Mike Bielecki
|
|
Batting: LHB Tim Krauss
|
0-0: Ball 1-0: Ground out U3 (Groundball, 34S, EV 70.6 MPH)
|
|
Batting: LHB Pat Dodson
|
0-0: Ball 1-0: Fly out, F6 (Popup, 6MD, EV 37.5 MPH)
|
|
Batting: RHB David Holmes
|
0-0: SINGLE (Flyball, 8LS, EV 87.5 MPH)
|
|
Batting: SHB Michael Miara
|
0-0: Called Strike 0-1: Ball 1-1: Ball 2-1: Fly out, F8 (Flyball, 8RD, EV 75.6 MPH)
|
| Top of the 7th over - 0 runs, 1 hit, 0 errors, 1 left on base; Tucson 0 - Spokane 7 |
| BOTTOM OF THE 7TH |
|
Spokane Indians batting - Pitching for Tucson Toros : LHP Dan Schatzeder
|
|
Batting: RHB Bill Schroeder
|
0-0: Called Strike 0-1: Foul Ball, location: 2F 0-2: Hit by Pitch
|
|
Pinch Hitting: LHB John Elder
|
0-0: Ball Bill Schroeder steals 2nd base 1-0: DOUBLE (Flyball, 89XD, EV 111.3 MPH) Bill Schroeder scores
|
|
Batting: RHB Larry Fobbs
|
0-0: Called Strike 0-1: Ball 1-1: Ball 2-1: Called Strike 2-2: Ball 3-2: Foul Ball, location: 2F 3-2: DOUBLE (Line Drive, 78D, EV 107.5 MPH) John Elder scores
|
|
Batting: SHB Spike Owen
|
0-0: Ball 1-0: Fly out, F8 (Flyball, 78M, EV 78.8 MPH)
|
|
Batting: RHB Cleo Smith
|
0-0: Called Strike 0-1: Swinging Strike 0-2: Ball 1-2: Ground out 5-3 (Groundball, 56S, EV 88.1 MPH)
|
|
Batting: RHB Albert Rausch
|
0-0: Foul Ball, location: 2F 0-1: Ball 1-1: Foul Ball, location: 2F 1-2: Fly out, F6 (Line Drive, 6, EV 65.0 MPH)
|
| Bottom of the 7th over - 2 runs, 2 hits, 0 errors, 1 left on base; Tucson 0 - Spokane 9 |
| TOP OF THE 8TH |
|
Tucson Toros batting - Pitching for Spokane Indians : RHP Mike Bielecki
|
|
Now in RF: John Elder
|
|
|
Batting: RHB Andy Pasillas
|
0-0: Fly out, F7 (Flyball, 78XD, EV 91.9 MPH)
|
|
Pinch Hitting: LHB Jeremy Penk
|
0-0: Ball 1-0: Ball 2-0: Called Strike 2-1: Swinging Strike 2-2: SINGLE (Groundball, 4S, EV 76.9 MPH) (infield hit)
|
|
Batting: LHB Bruce Boisclair
|
0-0: Swinging Strike 0-1: Ball 1-1: Swinging Strike 1-2: Strikes out swinging
|
|
Batting: RHB Kevin McReynolds
|
0-0: Foul Ball, location: 2F 0-1: Foul Ball, location: 2F 0-2: Ball 1-2: Ball 2-2: Ball 3-2: Foul Ball, location: 2F 3-2: Fly out, F9 (Line Drive, 9, EV 101.9 MPH)
|
| Top of the 8th over - 0 runs, 1 hit, 0 errors, 1 left on base; Tucson 0 - Spokane 9 |
| BOTTOM OF THE 8TH |
|
Spokane Indians batting - Pitching for Tucson Toros : LHP Dan Schatzeder
|
|
Now in CF: Jeremy Penk
|
|
|
Batting: RHB Craig Landis
|
0-0: Ball 1-0: Foul Ball, location: 2F 1-1: Called Strike 1-2: Ball 2-2: Ball 3-2: Ground out 5-3 (Groundball, 5S, EV 92.5 MPH)
|
|
Batting: LHB Stu Pederson
|
0-0: Ball 1-0: Foul Ball, location: 2F 1-1: TRIPLE (Flyball, 89XD, EV 108.8 MPH)
|
|
Pitching: RHP Glenn Abbott
|
|
|
Batting: LHB Darren Daulton
|
0-0: Called Strike 0-1: Called Strike 0-2: Ball 1-2: SINGLE (Flyball, 7LS, EV 89.4 MPH) Stu Pederson scores
|
|
Batting: RHB Bill Schroeder
|
0-0: Grounds into double play, 6-4-3 (Groundball, 6M, EV 104.4 MPH)
|
| Bottom of the 8th over - 1 run, 2 hits, 0 errors, 0 left on base; Tucson 0 - Spokane 10 |
| TOP OF THE 9TH |
|
Tucson Toros batting - Pitching for Spokane Indians : RHP Mike Bielecki
|
|
Batting: RHB Mike A Marshall
|
0-0: Ball 1-0: Ball 2-0: Ball 3-0: Base on Balls
|
|
Batting: LHB Tim Krauss
|
0-0: Ball 1-0: Ball 2-0: Reached on error, E5 (Groundball, 5, EV 109.4 MPH) Mike A Marshall to second
|
|
Batting: LHB Pat Dodson
|
0-0: Fly out, F7 (Flyball, 7S, EV 88.8 MPH)
|
|
Batting: RHB David Holmes
|
0-0: Ball 1-0: Grounds into double play, 6-4-3 (Groundball, 6, EV 85.6 MPH)
|
| Top of the 9th over - 0 runs, 0 hits, 1 error, 1 left on base; Tucson 0 - Spokane 10 |
|